[Event "*** SCC Grand Prix: Titled Tuesday Blitz"]
[Site "Chess.com"]
[Date "2020.07.14"]
[Round "7"]
[White "Chessdemon2019"]
[Black "pedromartinez91"]
[Result "0-1"]
[WhiteElo "2365"]
[BlackElo "2538"]
[TimeControl "180+1"]
[EndTime "11:18:32 PDT"]
[Termination "pedromartinez91 won by resignation"]

1. e4 e5 2. Nf3 d5 3. exd5 e4 4. Qe2 Nf6 5. d3 Qxd5 6. Nc3 Bb4 7. dxe4 Qxe4 8. Bd2 Qxe2+ 9. Bxe2 O-O 10. O-O-O Bf5 11. Bc4 Nc6 12. a3 Bc5 13. Rhf1 Bg4 14. Be2 Rad8 15. h3 Bh5 16. g4 Bg6 17. Nh4 Nd4 18.
Nxg6 hxg6 19. Bc4 Nf3 20. Bf4 c6 21. Bg3 b5 22. Bb3 a5 23. Rxd8 Rxd8 24. Rd1 Rxd1+ 25. Kxd1 g5 26. a4 b4 27. Ne2 Ne4 28. Bc7 Nxf2+ 29.
Kc1 Nxh3 30. Bxa5 Nf2 31. Bc7 Nxg4 32. a5 Be3+ 33. Kb1 Nd2+ 34. Ka2 Nxb3 35. Kxb3 Nf6 36. Kxb4 Nd5+ 37. Kc4 Nxc7 38. Nd4 g4 39. Nxc6 g3 40.
Ne7+ Kf8 41. Nf5 g2 42. Nxe3 g1=Q 43. Nd5 Nxd5 44. Kxd5 Qd1+ 45. Kc5 Qxc2+ 46. Kb6 Qxb2+ 47. Ka7 Qa3 48. a6 g5 49. Kb7 g4 50. a7 g3 51. a8=Q+ Qxa8+ 52. Kxa8 g2 0-1

[Event "*** SCC Grand Prix: Titled Tuesday Blitz"]
[Site "Chess.com"]
[Date "2020.07.14"]
[Round "7"]
[White "Jaka_Brilej"]
[Black "aNaartjieZA"]
[Result "0-1"]
[WhiteElo "2328"]
[BlackElo "2490"]
[TimeControl "180+1"]
[EndTime "11:18:34 PDT"]
[Termination "aNaartjieZA won by resignation"]

1. e4 e6 2. d4 d5 3. Nc3 Bb4 4. e5 c5 5. a3 Bxc3+ 6. bxc3 Ne7 7. Qg4 Qc7 8. Qxg7 Rg8 9. Qxh7 cxd4 10. Ne2 Nbc6 11.
h4 dxc3 12. h5 Bd7 13. h6 O-O-O 14. Qd3 d4 15. Bf4 Ng6 16. h7 Nxf4 17. Nxf4 Rh8 18.
Be2 Qxe5 19. g3 Qd6 20. Rb1 e5 21. Ng2 e4 22. Qb5 Qc7 23. Nf4 a6 24. Qc5 Be6 25.
Rb6 d3 26. cxd3 Nd4 27. Qxc7+ Kxc7 28. Rb1 Nxe2 29. Kxe2 exd3+ 30. Nxd3 Bc4 31. Rbd1 c2 32. Rd2 Rxh7 33. Rc1 b5 34. Rcxc2 f6 35. Kf3 Rhd7 36. Ke3 Rxd3+ 0-1

[Event "*** SCC Grand Prix: Titled Tuesday Blitz"]
[Site "Chess.com"]
[Date "2020.07.14"]
[Round "7"]
[White "124chess"]
[Black "PSvidler"]
[Result "0-1"]
[WhiteElo "2687"]
[BlackElo "2967"]
[TimeControl "180+1"]
[EndTime "11:18:35 PDT"]
[Termination "PSvidler won by resignation"]

1. d4 Nf6 2. c4 g6 3. Nc3 d5 4. e3 Bg7 5. Qb3 e6 6. Qa3 a5 7. Nf3 Nc6 8. Bd2 Nb4 9. Qa4+ Bd7 10. Qd1 dxc4 11. Bxc4 O-O 12. O-O Bc6 13. Ne5 Bd5 14. Nxd5 exd5 15. Be2 Ne4 16. a3 Nc6 17. Nxc6 bxc6 18.
b4 axb4 19. Bxb4 c5 20. dxc5 Bxa1 21. Qxa1 Qf6 22. Qc1 c6 23. Qc2 Rfe8 24. Bd3 h5 25. a4 Reb8 26. Rb1 Rb7 27. Bxe4 Rab8 28. Qd2 Rxb4 29. Rxb4 Qa1+ 30. Bb1 Qxb1+ 31. Rxb1 Rxb1+ 0-1

[Event "*** SCC Grand Prix: Titled Tuesday Blitz"]
[Site "Chess.com"]
[Date "2020.07.14"]
[Round "7"]
[White "Alopekos"]
[Black "barbara25"]
[Result "1-0"]
[WhiteElo "2348"]
[BlackElo "2208"]
[TimeControl "180+1"]
[EndTime "11:18:39 PDT"]
[Termination "Alopekos won by resignation"]

1. e4 c5 2. Nc3 a6 3. Nf3 b5 4.
d4 cxd4 5. Nxd4 Bb7 6. Bd3 e6 7. O-O Nf6 8. Re1 Be7 9. e5 Nd5 10. Qg4 g6 11. Ne4 O-O 12. Qg3 Nc6 13. Nxc6 Bxc6 14. Bh6 Re8 15. c4 bxc4 16. Bxc4 Rb8 17. b3 a5 18. Bg5 a4 19. Bxe7 Qxe7 20. Bxd5 exd5 21. Nf6+ Kg7 22. Qh4 h6 23. Nxe8+ Rxe8 24. Qxe7 Rxe7 25. bxa4 Bxa4 26. f4 Re6 27. Kf2 d6 28.
exd6 Rxd6 29. Ke3 d4+ 30. Kd2 d3 31. Re3 Bc2 32. a4 Ra6 33. a5 f5 34. Rxd3 Bxd3 35. Kxd3 Kf6 36. Kc4 g5 37. Kb5 Ra8 38. Kb6 gxf4 39.
a6 Rb8+ 40. Kc7 Ra8 41. a7 Kg5 42. Kb7 Rxa7+ 43. Kxa7 Kg4 44. Ra3 h5 45. Rf3 h4 46. Kb6 h3 47. Rxh3 f3 48. Rxf3 f4 49. Kc5 1-0

[Event "*** SCC Grand Prix: Titled Tuesday Blitz"]
[Site "Chess.com"]
[Date "2020.07.14"]
[Round "7"]
[White "Shushik"]
[Black "Ariadna_Atreides"]
[Result "1-0"]
[WhiteElo "2217"]
[BlackElo "2074"]
[TimeControl "180+1"]
[EndTime "11:18:39 PDT"]
[Termination "Shushik won by checkmate"]

1. e4 c5 2. Ne2 e5 3. g3 Nc6 4. Bg2 Nf6 5. Nbc3 Nd4 6. d3 d6 7. O-O Be7 8. f4 Bg4 9. h3 Bxe2 10. Nxe2 O-O 11. c3 Nxe2+ 12. Qxe2 b5 13. g4 Qb6 14. g5 Nd7 15. f5 c4+ 16. Be3 cxd3 17. Qxd3 Nc5 18. Qe2 Qc6 19. f6 Bd8 20. Qh5 Qd7 21. Kh1 Re8 22. Rf2 Nd3 23. Rf5 d5 24. Raf1 dxe4 25. Bxe4 Bb6 26. Bxb6 axb6 27. fxg7 Ra7 28.
Rf6 Nf4 29. Qxh7# 1-0

[Event "*** SCC Grand Prix: Titled Tuesday Blitz"]
[Site "Chess.com"]
[Date "2020.07.14"]
[Round "7"]
[White "joksijoksi"]
[Black "PawnEatingZombie"]
[Result "0-1"]
[WhiteElo "2372"]
[BlackElo "2227"]
[TimeControl "180+1"]
[EndTime "11:18:43 PDT"]
[Termination "PawnEatingZombie won on time"]

1. d4 d5 2. c4 e6 3. Nc3 Bb4 4. Nf3 dxc4 5. e4 b5 6. a4 c6 7.
Be2 Bb7 8. O-O a6 9. Bg5 Be7 10.
Bxe7 Nxe7 11. Ne5 O-O 12. f4 Nd7 13. Rf3 Nxe5 14. fxe5 Ng6 15. Rg3 c5 16. axb5 cxd4 17.
bxa6 Bxa6 18. Nb1 d3 19. Bh5 Qd4+ 20. Kh1 Qxb2 21. Na3 Qxe5 22. Bxg6 hxg6 23. Rc1 Rac8 24. Rg4 Rfd8 25. h4 c3 0-1

[Event "*** SCC Grand Prix: Titled Tuesday Blitz"]
[Site "Chess.com"]
[Date "2020.07.14"]
[Round "7"]
[White "rugbyclub"]
[Black "gagtemp"]
[Result "1-0"]
[WhiteElo "2114"]
[BlackElo "1935"]
[TimeControl "180+1"]
[EndTime "11:18:43 PDT"]
[Termination "rugbyclub won by resignation"]

1. c4 e6 2. Nc3 d5 3. d4 c5 4. cxd5 exd5 5. Nf3 Nc6 6. dxc5 d4 7. Na4 Bxc5 8. Nxc5 Qa5+ 9. Qd2 Qxc5 10. a3 Nf6 11. b4 Qb6 12. Bb2 O-O 13. Nxd4 a5 14. b5 Nxd4 15.
Bxd4 Qd6 16. e3 a4 17. Bd3 Bg4 18. O-O Rad8 19. Qb2 Nd5 20. Bc4 f6 21. e4 Qf4 22.
Bxd5+ Kh8 23. Be3 Qd6 24. f3 Bh5 25. Rad1 Qe7 26. Rfe1 f5 27. Bd4 1-0

[Event "*** SCC Grand Prix: Titled Tuesday Blitz"]
[Site "Chess.com"]
[Date "2020.07.14"]
[Round "7"]
[White "vovachesss"]
[Black "Izoria123"]
[Result "0-1"]
[WhiteElo "2606"]
[BlackElo "2884"]
[TimeControl "180+1"]
[EndTime "11:18:44 PDT"]
[Termination "Izoria123 won by resignation"]

1. e4 c5 2. Nc3 e6 3. h3 d5 4. d3 Nc6 5. g4 d4 6. Nce2 e5 7.
Bg2 Nge7 8. f4 exf4 9. Nxf4 Ng6 10. Nge2 Qh4+ 11. Kf1 Nxf4 12. Bxf4 h5 13. g5 Be7 14.
Qd2 Nd8 15. c3 Ne6 16. cxd4 cxd4 17. Bg3 Qxg5 18. Qxg5 Bxg5 19. h4 Be3 20. Bh3 Nc5 21.
Rd1 O-O 22. Bf2 f5 23. e5 Rd8 24. Bg2 f4 25. Bf3 Bg4 26. Kg2 Ne6 27. Rhe1 Rac8 28.
Bxe3 dxe3 29. Rc1 Rxc1 30. Rxc1 Rxd3 31. Rc8+ Kf7 32. Rb8 Rd2 33. Rxb7+ Kf8 34. Rb4 Rxe2+ 35. Bxe2 Bxe2 0-1

[Event "*** SCC Grand Prix: Titled Tuesday Blitz"]
[Site "Chess.com"]
[Date "2020.07.14"]
[Round "7"]
[White "Azatic"]
[Black "BogdanDeac"]
[Result "0-1"]
[WhiteElo "2635"]
[BlackElo "2802"]
[TimeControl "180+1"]
[EndTime "11:18:45 PDT"]
[Termination "BogdanDeac won by resignation"]

1. e4 c5 2. Nf3 d6 3. d4 cxd4 4.
Nxd4 Nf6 5. Nc3 a6 6. Be3 e6 7. f3 b5 8. Qd2 Nbd7 9. g4 h6 10. O-O-O b4 11. Nce2 Qc7 12. Kb1 d5 13. exd5 Nxd5 14.
Nf4 N7f6 15. h4 Bb7 16. Rg1 O-O-O 17. g5 hxg5 18. hxg5 Nxe3 19. Qxe3 Nd5 20. Nxd5 Rxd5 21. Bd3 Bc5 22. Be4 Qe5 23. Qb3 Rxd4 24. Bxb7+ Kxb7 25. Rde1 Qd5 26. Qa4 Rd8 27. a3 bxa3 28. g6 Rxa4 0-1

[Event "*** SCC Grand Prix: Titled Tuesday Blitz"]
[Site "Chess.com"]
[Date "2020.07.14"]
[Round "7"]
[White "Evgeny81"]
[Black "Artyom_ChessMate"]
[Result "1-0"]
[WhiteElo "2738"]
[BlackElo "2507"]
[TimeControl "180+1"]
[EndTime "11:18:46 PDT"]
[Termination "Evgeny81 won by resignation"]

1. e4 c5 2. d4 cxd4 3. c3 Nf6 4. e5 Nd5 5. Nf3 Nc6 6. cxd4 d6 7. Bc4 Nb6 8. Bb3 dxe5 9. d5 Na5 10. Nc3 Nxb3 11. Qxb3 g6 12. Nxe5 Bg7 13. Bf4 O-O 14. O-O e6 15. d6 Nd7 16. Nc4 b6 17. a4 Ba6 18.
Nb5 Qf6 19. Be3 Bxb5 20. Qxb5 Ne5 21. Nxe5 Qxe5 22. Rfd1 Qxb2 23. Qxb2 Bxb2 24. Ra2 Bf6 25.
d7 Rfd8 26. Rc2 Kf8 27. Rc7 Be7 28. Bh6+ Kg8 29. Rdc1 f6 30. Rc8 Kf7 31. Rxa8 Rxa8 32. Rc8 1-0

[Event "*** SCC Grand Prix: Titled Tuesday Blitz"]
[Site "Chess.com"]
[Date "2020.07.14"]
[Round "7"]
[White "FearNoEvil12"]
[Black "pavelalexandru07"]
[Result "0-1"]
[WhiteElo "2001"]
[BlackElo "2148"]
[TimeControl "180+1"]
[EndTime "11:18:46 PDT"]
[Termination "pavelalexandru07 won by checkmate"]

1. e4 c5 2. Nc3 a6 3. a4 d6 4. f4 g6 5. Nf3 Bg7 6. Bc4 Nc6 7.
f5 gxf5 8. d3 Nd4 9. O-O Nf6 10.
Bg5 O-O 11. Qd2 fxe4 12. dxe4 Be6 13. Nd5 Nxe4 14. Qe1 Nxf3+ 15. Rxf3 Nxg5 16. Rg3 h6 17. h4 Nh7 18. Qd2 Kh8 19. Re1 Bxd5 20. Bxd5 e6 21. Bxb7 Rb8 22. Be4 Qxh4 23. Rxg7 Kxg7 24. Bd3 Qg5 25.
Qc3+ Nf6 26. Bxa6 Rb4 27. Bb5 Rg4 28. Re2 Rg8 29. a5 Kh8 30. Bc6 d5 31. Qf3 Qc1+ 32. Kh2 Rh4+ 33. Qh3 Rxh3+ 34. Kxh3 Qh1# 0-1

[Event "*** SCC Grand Prix: Titled Tuesday Blitz"]
[Site "Chess.com"]
[Date "2020.07.14"]
[Round "7"]
[White "Vesper2018"]
[Black "VMikhalevski"]
[Result "0-1"]
[WhiteElo "2586"]
[BlackElo "2789"]
[TimeControl "180+1"]
[EndTime "11:18:48 PDT"]
[Termination "VMikhalevski won by resignation"]

1. e4 e5 2. Nf3 Nc6 3. Bc4 Bc5 4.
d3 Nf6 5. Bg5 h6 6. Bh4 Be7 7.
O-O d6 8. c3 O-O 9. a4 a5 10.
Nbd2 Nh5 11. Bg3 g6 12. d4 Nxg3 13. hxg3 Bf6 14. d5 Nb8 15. Nh2 h5 16. f4 h4 17.
Ng4 hxg3 18. f5 Bg5 19. Rf3 Bf4 20. Rxf4 exf4 21. Qf3 Qg5 22. Bd3 Nd7 23. Rf1 Ne5 24. Nxe5 dxe5 25. Nc4 Qh4 26. Re1 Re8 27. d6 cxd6 28.
Nxd6 Rd8 29. Nc4 f6 30. Nb6 Rb8 31. c4 Bd7 32. Nd5 Kg7 33. b3 gxf5 34. exf5 Be8 35. Nxf4 exf4 36. Re7+ Bf7 0-1

[Event "*** SCC Grand Prix: Titled Tuesday Blitz"]
[Site "Chess.com"]
[Date "2020.07.14"]
[Round "7"]
[White "RobertoJBM"]
[Black "realmadridtv"]
[Result "1-0"]
[WhiteElo "2631"]
[BlackElo "2457"]
[TimeControl "180+1"]
[EndTime "11:18:48 PDT"]
[Termination "RobertoJBM won by checkmate"]

1. d4 Nf6 2. c4 e6 3. Nc3 Bb4 4. Qc2 b6 5. a3 Bxc3+ 6. Qxc3 Bb7 7. Bg5 d6 8. e3 h6 9. Bh4 Nbd7 10. Ne2 g5 11. Bg3 Ne4 12. Qc2 f5 13. f3 Nxg3 14. hxg3 Qf6 15. O-O-O O-O-O 16. Nc3 Kb8 17. Bd3 h5 18.
Qf2 g4 19. Rh4 Qg5 20. f4 Qg7 21. e4 fxe4 22. Bxe4 d5 23. Bd3 Nf6 24. c5 bxc5 25. Na4 c4 26. Bc2 Bc6 27. Nc5 Rhe8 28. Qe1 Qg8 29.
Qb4+ Ka8 30. Ba4 Bb7 31. Qxb7# 1-0

[Event "*** SCC Grand Prix: Titled Tuesday Blitz"]
[Site "Chess.com"]
[Date "2020.07.14"]
[Round "7"]
[White "dennisodessa"]
[Black "silverback96"]
[Result "1-0"]
[WhiteElo "2450"]
[BlackElo "2240"]
[TimeControl "180+1"]
[EndTime "11:18:50 PDT"]
[Termination "dennisodessa won by checkmate"]

1. d4 Nf6 2. c4 c5 3. d5 e6 4. Nc3 exd5 5. cxd5 d6 6. e4 g6 7. h3 Bg7 8. Nf3 a6 9. a4 Nbd7 10. Bd3 Nh5 11. Be2 O-O 12. O-O Re8 13. Re1 Bxc3 14.
bxc3 Rxe4 15. Nd2 Re8 16. Bxh5 Rxe1+ 17. Qxe1 gxh5 18. Ne4 Qe7 19. Bg5 Qe5 20. f4 Qxd5 21.
Rd1 Qf5 22. Qg3 b5 23. Rxd6 Qxe4 24. Bh6+ Qg6 25. Rxg6+ hxg6 26. f5 Kh7 27. fxg6+ fxg6 28. Bg5 bxa4 29. Qf3 Nb6 30. Qf7+ Kh8 31. Bf6# 1-0

[Event "*** SCC Grand Prix: Titled Tuesday Blitz"]
[Site "Chess.com"]
[Date "2020.07.14"]
[Round "7"]
[White "margarita_2703"]
[Black "UCantHandleDenker"]
[Result "0-1"]
[WhiteElo "2384"]
[BlackElo "2534"]
[TimeControl "180+1"]
[EndTime "11:18:51 PDT"]
[Termination "UCantHandleDenker won by resignation"]

1. Nf3 Nf6 2. d4 g6 3. c4 c5 4. Nc3 cxd4 5. Nxd4 Bg7 6. e4 d6 7. Be2 O-O 8. Be3 Nc6 9. O-O Bd7 10. f4 Nxd4 11. Bxd4 Bc6 12. Bf3 Nd7 13. Bxg7 Kxg7 14. b4 Qb6+ 15. Kh1 Qxb4 16. Nd5 Bxd5 17. cxd5 Nc5 18.
Rb1 Qa3 19. Qe2 Rab8 20. e5 Qd3 21. Qb2 Kg8 22. Rbd1 Qf5 23. Qd4 b5 24. Rde1 Qd3 25.
Qb2 b4 26. exd6 exd6 27. Qf6 Rbd8 28. h4 Qf5 29. Qxf5 gxf5 30. Re7 a5 31. Rfe1 Kg7 32. Ra7 a4 33. Ree7 b3 34. axb3 axb3 35. Bd1 Rb8 36. Re1 Kf6 37. Kh2 Nd3 38. Rf1 Rb4 39. g3 Rc8 40.
Ra6 b2 41. Be2 Nc5 42. Rxd6+ Ke7 43. Rc6 Rxc6 44. dxc6 b1=Q 0-1

[Event "*** SCC Grand Prix: Titled Tuesday Blitz"]
[Site "Chess.com"]
[Date "2020.07.14"]
[Round "7"]
[White "Zablotsky"]
[Black "Angry_Twin"]
[Result "1-0"]
[WhiteElo "2597"]
[BlackElo "2754"]
[TimeControl "180+1"]
[EndTime "11:18:53 PDT"]
[Termination "Zablotsky won by resignation"]

1. d4 Nf6 2. f3 d5 3. g4 c5 4.
g5 Nfd7 5. e4 dxe4 6. Nc3 cxd4 7.
Qxd4 Nc6 8. Qd2 exf3 9. Nxf3 e6 10. h4 Be7 11. h5 Nde5 12. Qxd8+ Bxd8 13. Nxe5 Nxe5 14.
Be2 O-O 15. Be3 Bd7 16. Rh3 Bc6 17. h6 g6 18. O-O-O Be7 19. Bf4 f6 20. gxf6 Bxf6 21. Re3 Nd7 22. Bc4 Nc5 23. Bd6 b6 24. Bxc5 Bg5 25. Bxe6+ Rf7 26. Bxf7+ Kxf7 27. Kb1 bxc5 28. Re5 Bf6 29. Rxc5 Rc8 30. Rd6 Bb7 31. Rd7+ Ke6 32. Rcc7 Rxc7 33. Rxc7 Bf3 34. Rxh7 g5 35. Rxa7 g4 36.
h7 Be5 37. Ra5 Bh8 38. Rh5 g3 39. Rg5 g2 40. a4 Bf6 41. Rg6 Ke5 42. a5 Bh8 43. a6 Kf5 44. Rg8 Bd4 45. a7 Bf6 46. Ne2 Ke4 47. a8=Q+ Ke3 1-0

[Event "*** SCC Grand Prix: Titled Tuesday Blitz"]
[Site "Chess.com"]
[Date "2020.07.14"]
[Round "7"]
[White "Ati1517"]
[Black "SiddharthGMJagadeesh"]
[Result "0-1"]
[WhiteElo "2355"]
[BlackElo "2514"]
[TimeControl "180+1"]
[EndTime "11:18:55 PDT"]
[Termination "SiddharthGMJagadeesh won by resignation"]

1. d4 g6 2. c4 Bg7 3. Nc3 c5 4. d5 Bxc3+ 5. bxc3 f5 6. Bg5 Qa5 7. Qd2 d6 8. h4 h6 9. Bf4 Nf6 10. f3 Nbd7 11. Rb1 Nb6 12. e3 Bd7 13. Bd3 O-O-O 14. Ne2 e5 15. dxe6 Bxe6 16. Nc1 Nxc4 17. Bxc4 Bxc4 18.
Nb3 Qa6 19. Kf2 Nd5 20. Bg3 g5 21. hxg5 hxg5 22. Rxh8 Rxh8 23. e4 fxe4 24. fxe4 Rf8+ 25. Kg1 Nf4 26. Bxf4 gxf4 27. e5 f3 28. gxf3 dxe5 29. Nxc5 Qg6+ 30. Kf2 Qf5 31. Qd1 Rd8 32. Qe1 Qf4 33.
Rd1 Rh8 34. Qg1 Rh2+ 35. Ke1 Qh4+ 0-1

[Event "*** SCC Grand Prix: Titled Tuesday Blitz"]
[Site "Chess.com"]
[Date "2020.07.14"]
[Round "7"]
[White "Alexsur1981"]
[Black "ferdipy"]
[Result "0-1"]
[WhiteElo "2496"]
[BlackElo "2348"]
[TimeControl "180+1"]
[EndTime "11:18:57 PDT"]
[Termination "ferdipy won on time"]

1. e4 e6 2. d4 d5 3. Nc3 Bb4 4. e5 c5 5. a3 Bxc3+ 6. bxc3 Ne7 7. Qg4 Qc7 8. Qxg7 Rg8 9. Qxh7 cxd4 10. Ne2 dxc3 11.
f4 Nbc6 12. Be3 Bd7 13. g3 O-O-O 14. Qxf7 Rdf8 15. Qh5 Rh8 16. Qg4 d4 17. Bf2 d3 18.
cxd3 c2 19. Bg2 Na5 20. O-O Nb3 21. Rae1 Rfg8 22. Qf3 Nd2 23. Qe3 Nxf1 24. Rxf1 Bc6 25. Qxa7 Bxg2 26. Kxg2 Qc6+ 27. Kg1 Rxh2 28. Qc5 Qxc5 29.
Bxc5 Rxe2 30. Bxe7 Rxg3+ 31. Kh1 Rxd3 32. f5 Rd1 33.
Kg1 c1=Q 0-1

[Event "*** SCC Grand Prix: Titled Tuesday Blitz"]
[Site "Chess.com"]
[Date "2020.07.14"]
[Round "7"]
[White "NemtsevIgor"]
[Black "BikingBrian"]
[Result "1-0"]
[WhiteElo "2342"]
[BlackElo "2204"]
[TimeControl "180+1"]
[EndTime "11:18:58 PDT"]
[Termination "NemtsevIgor won by checkmate"]

1. d4 Nf6 2. Bf4 c5 3. e3 Qb6 4.
Nf3 Qxb2 5. Nbd2 Qb6 6. Bd3 cxd4 7. exd4 g6 8. O-O Bg7 9. Rb1 Qd8 10. Re1 O-O 11. c4 d6 12. d5 Nbd7 13. Qe2 Re8 14. h3 Nc5 15. Bc2 b6 16. Qe3 Ba6 17. Bh6 Rc8 18.
Bxg7 Kxg7 19. Nd4 Bb7 20. Qg5 Kh8 21. N2f3 Ncd7 22. Bd3 Nc5 23. Bc2 Ncd7 24. Bb3 Nc5 25. Qh6 Nxb3 26. axb3 a5 27. Ng5 Rf8 28. Re4 e5 29.
Ndf3 Qe7 30. Rh4 Rg8 31. Nxh7 Nh5 32. Nf6# 1-0

[Event "*** SCC Grand Prix: Titled Tuesday Blitz"]
[Site "Chess.com"]
[Date "2020.07.14"]
[Round "7"]
[White "Morshynska"]
[Black "saraswathii"]
[Result "0-1"]
[WhiteElo "2180"]
[BlackElo "2338"]
[TimeControl "180+1"]
[EndTime "11:19:00 PDT"]
[Termination "saraswathii won by resignation"]

1. e4 c5 2. Nf3 e6 3. d4 cxd4 4. Nxd4 Nf6 5. Nc3 Nc6 6. Nxc6 bxc6 7. e5 Nd5 8. Ne4 f5 9. exf6 Nxf6 10. Nd6+ Bxd6 11.
Qxd6 Qe7 12. Bf4 Qxd6 13. Bxd6 Ne4 14. Be5 O-O 15. f3 Nf6 16. Bd6 Rf7 17. c4 Ba6 18.
O-O-O Ne8 19. Be2 Nxd6 20. Rxd6 Kf8 21. Rhd1 Ke8 22. g3 Rd8 23. f4 Rf5 24. b3 Ke7 25. Bg4 Rf6 26. h4 Rg6 27. Bf3 Rxg3 28. Bxc6 Bc8 29.
Be4 Rg4 30. Bxh7 Rxh4 31. Bc2 Rxf4 32. R6d2 Rdf8 33. Kb2 Rf2 34. c5 Rxd2 35. Rxd2 g5 36.
Rg2 Rg8 37. Kc3 Bb7 38. Rg1 g4 39. Kd4 g3 40. Be4 Rg4 0-1

[Event "*** SCC Grand Prix: Titled Tuesday Blitz"]
[Site "Chess.com"]
[Date "2020.07.14"]
[Round "7"]
[White "Sibelephant"]
[Black "ChessWarrior7197"]
[Result "0-1"]
[WhiteElo "3117"]
[BlackElo "2868"]
[TimeControl "180+1"]
[EndTime "11:19:01 PDT"]
[Termination "ChessWarrior7197 won by resignation"]

1. Nf3 Nf6 2. b3 e6 3. Bb2 d5 4. e3 b6 5. c4 Bb7 6. cxd5 exd5 7. Nc3 a6 8. d4 Bd6 9. g3 Nbd7 10. Bg2 O-O 11.
O-O Qe7 12. Rc1 Rac8 13. Ne2 Ne4 14. Nf4 Rfd8 15. Re1 Ndf6 16. Ne5 c5 17. Ng4 c4 18. Nxf6+ Nxf6 19. bxc4 dxc4 20. d5 Bb4 21. e4 c3 22.
Ba1 c2 23. Qe2 Bxe1 24. Qxe1 Nxd5 25. Nh5 f6 26. a3 g6 27. Bh3 Rc7 28. exd5 Qxe1+ 29.
Rxe1 c1=Q 30. Nxf6+ Kf8 31. Nxh7+ Kg8 32. Nf6+ Kf7 33.
Be6+ Ke7 34. d6+ Rxd6 35. Ng8+ Kf8 0-1

[Event "*** SCC Grand Prix: Titled Tuesday Blitz"]
[Site "Chess.com"]
[Date "2020.07.14"]
[Round "7"]
[White "Kaua18"]
[Black "elohunter1999"]
[Result "0-1"]
[WhiteElo "2285"]
[BlackElo "2463"]
[TimeControl "180+1"]
[EndTime "11:19:01 PDT"]
[Termination "elohunter1999 won by resignation"]

1. e4 e5 2. Nf3 Nc6 3. d4 exd4 4. Bc4 Nf6 5. e5 d5 6. Bb5 Ne4 7. Nxd4 Bd7 8. Bxc6 bxc6 9. O-O Bc5 10. f3 Ng5 11.
Be3 Bb6 12. f4 Ne4 13. Nd2 Nxd2 14. Qxd2 O-O 15. Nb3 f6 16. a4 fxe5 17. fxe5 Qg5 18. Rae1 Rxf1+ 19. Kxf1 Rf8+ 20. Kg1 a5 21. e6 Bc8 22.
Nxa5 Rf3 23. e7 Rxe3 24. e8=Q+ Rxe8+ 25. Kh1 Qxd2 26. Rxe8+ Kf7 0-1

[Event "*** SCC Grand Prix: Titled Tuesday Blitz"]
[Site "Chess.com"]
[Date "2020.07.14"]
[Round "7"]
[White "Rish_97"]
[Black "enzovsky"]
[Result "0-1"]
[WhiteElo "2673"]
[BlackElo "2537"]
[TimeControl "180+1"]
[EndTime "11:19:02 PDT"]
[Termination "enzovsky won by resignation"]

1. d4 Nf6 2. Nf3 g6 3. Bg5 Bg7 4. Nbd2 d5 5. e3 O-O 6. Be2 Nbd7 7. c4 c5 8. O-O Re8 9. cxd5 cxd4 10. e4 h6 11. Bh4 g5 12. Bg3 Nh5 13. Nb3 Nxg3 14. hxg3 e6 15. dxe6 Rxe6 16. Nfxd4 Rxe4 17. Nf5 Bf8 18.
Bd3 Re6 19. Bc4 Rf6 20. g4 b5 21. Bxb5 Rb8 22. Bc4 Bb7 23. Bd5 Nc5 24. Bxb7 Qxd1 25. Rfxd1 Nxb3 26. axb3 Rxb7 27. Rd8 Rfb6 28. Rc1 Rb8 29.
Rd7 a5 30. Rcc7 Rxb3 31. Rxf7 Rxb2 32. Rf6 R2b6 33. Rxb6 Rxb6 34. Ra7 Rb5 35. Kh2 h5 36. Kh3 h4 37. g3 hxg3 38. Kxg3 Bc5 39. Ra8+ Kf7 40. f3 Ke6 41. Rg8 a4 42. Rxg5 Kf6 43. Rh5 Ra5 44. Nd4 a3 45. Nb3 a2 46. Nxa5 a1=Q 47.
Rxc5 Qg1+ 48. Kf4 Qxc5 0-1

[Event "*** SCC Grand Prix: Titled Tuesday Blitz"]
[Site "Chess.com"]
[Date "2020.07.14"]
[Round "7"]
[White "GustavoJuarezF"]
[Black "DonBroca"]
[Result "1-0"]
[WhiteElo "2009"]
[BlackElo "2114"]
[TimeControl "180+1"]
[EndTime "11:19:02 PDT"]
[Termination "GustavoJuarezF won by resignation"]

1. e4 c5 2. Nf3 d6 3. Nc3 Nf6 4. Bb5+ Bd7 5. a4 a6 6. Bc4 Nc6 7. d4 cxd4 8. Nxd4 Rc8 9. f3 g6 10. Be3 Bg7 11. Ba2 O-O 12. Qd2 Ne5 13. O-O Nc4 14.
Bxc4 Rxc4 15. b3 Rc8 16. Nd5 Be6 17. c4 Nd7 18. Rab1 Nc5 19. Nxe6 Nxe6 20. Bb6 Qd7 21. Be3 Nc7 22. Nb6 Qe6 23. Nxc8 Rxc8 24. Bd4 f6 25. Rfd1 Qf7 26. Be3 Ne8 27. Bh6 Bh8 28. Be3 e5 29. Qd5 Qxd5 30. Rxd5 Bg7 31. Rbd1 Bf8 32. Rc1 Kf7 33. Rd2 Nc7 34. c5 Ne6 35. b4 dxc5 36. bxc5 Be7 37. Rd7 b6 38. c6 Ke8 39. Bxb6 Rxc6 40.
Rxe7+ 1-0

[Event "*** SCC Grand Prix: Titled Tuesday Blitz"]
[Site "Chess.com"]
[Date "2020.07.14"]
[Round "7"]
[White "Orest_Vovk"]
[Black "Vse_po_kaify"]
[Result "1-0"]
[WhiteElo "2442"]
[BlackElo "2026"]
[TimeControl "180+1"]
[EndTime "11:19:06 PDT"]
[Termination "Orest_Vovk won on time"]

1. h4 d5 2. h5 c5 3. e4 dxe4 4.
Nc3 Nc6 5. Nxe4 e6 6. Nf3 b6 7. Bb5 Bb7 8. Ne5 Rc8 9. Qf3 Qc7 10. d4 a6 11. Bxc6+ Bxc6 12. Nxc6 Qxc6 13. dxc5 Bxc5 14.
h6 g6 15. O-O f5 16. Qc3 Qxe4 17.
Qxh8 Kd7 18. Bg5 Qg4 19. Qxh7+ Kc6 20. Qxg6 Nxh6 21. Qxe6+ Kb5 22. a4+ Ka5 23. Bd2+ Bb4 24. c3 1-0

[Event "*** SCC Grand Prix: Titled Tuesday Blitz"]
[Site "Chess.com"]
[Date "2020.07.14"]
[Round "7"]
[White "mr65"]
[Black "anon569"]
[Result "0-1"]
[WhiteElo "2085"]
[BlackElo "2288"]
[TimeControl "180+1"]
[EndTime "11:19:07 PDT"]
[Termination "anon569 won on time"]

1. e4 c5 2. Nf3 d6 3. d4 cxd4 4. Nxd4 Nf6 5. Nc3 a6 6. Bg5 Nbd7 7. Qe2 e6 8. O-O-O Be7 9. f4 Qc7 10. Bxf6 Nxf6 11. e5 dxe5 12. fxe5 Nd7 13. Nf3 b5 14. Kb1 Bb7 15. Qd2 Rd8 16. Qe1 Bb4 17. Rd3 O-O 18.
Be2 Nxe5 19. Qg3 Bxf3 20. Rxf3 Bd6 21. Ne4 Nxf3 22. Nxd6 Qxd6 23. Qxf3 Qc5 24. Bd3 f5 25. a3 Rd6 26. g4 Qd5 27. Qf1 fxg4 0-1

[Event "*** SCC Grand Prix: Titled Tuesday Blitz"]
[Site "Chess.com"]
[Date "2020.07.14"]
[Round "7"]
[White "LastHeroJr"]
[Black "QuintilianoR"]
[Result "0-1"]
[WhiteElo "2462"]
[BlackElo "2651"]
[TimeControl "180+1"]
[EndTime "11:19:08 PDT"]
[Termination "QuintilianoR won on time"]

1. e4 c5 2. Nf3 d6 3. Bb5+ Nd7 4.
O-O a6 5. Bd3 Ngf6 6. Re1 e6 7.
c3 b5 8. Bc2 Bb7 9. d4 Be7 10.
Nbd2 Qc7 11. Nf1 O-O 12. Ng3 Rfe8 13. h3 Bf8 14. Be3 e5 15. dxc5 Nxc5 16. Bg5 Nfd7 17. Qe2 g6 18. Rad1 Ne6 19. Bc1 Nf4 20. Qf1 d5 21.
exd5 Bxd5 22. Be4 Bc4 23. Rxd7 Qxd7 24. Rd1 Qc7 25. Qe1 Rad8 26. Rxd8 Rxd8 27. Bc2 Bg7 28. Bxf4 exf4 29. Ne4 h6 30. h4 Bd5 31. Ned2 Qd7 32. Qb1 h5 33. Ng5 Bxg2 34. Kxg2 Qxd2 0-1

[Event "*** SCC Grand Prix: Titled Tuesday Blitz"]
[Site "Chess.com"]
[Date "2020.07.14"]
[Round "7"]
[White "Evachess2006"]
[Black "secretsuperstar7"]
[Result "0-1"]
[WhiteElo "1612"]
[BlackElo "2106"]
[TimeControl "180+1"]
[EndTime "11:19:08 PDT"]
[Termination "secretsuperstar7 won on time"]

1. e4 c5 2. c3 Nf6 3. e5 Nd5 4. d4 cxd4 5. Nf3 Nc6 6. cxd4 d6 7. exd6 Qxd6 8. Be2 Bg4 9. O-O e6 10. Nc3 Be7 11.
Nxd5 Qxd5 12. Be3 O-O 13. h3 Bh5 14. b3 Bf6 15. Rc1 Bg6 16. Bd3 Bxd3 17. Qxd3 Rad8 18. Qc4 Qa5 19. Rfd1 Rd5 0-1